Map: At Eternity's Edge LE

Players

DmitryK

  • Race: Terran Terran
  • Spawn Location: 5:00

ИИ 1 (новичок) - Winner!

  • Race: Zerg Zerg
  • Spawn Location: 11:00

VOD

Have the link to the VOD?

Description

Time

  • Played on: July 21, 2026, 7:21 a.m.
  • Length: 6:46
Show
View Real Time Build Order
Export as new Build Order

DmitryK Terran 

Build Orders: Reaper Expand 

Get SALT Encoding   

  8  0:00  SCV  
  9  0:12  SCV  
  10  0:25  SCV  
  10  0:28  Supply Depot  
  11  0:37  SCV  
  12  0:51  Barracks  
  13  0:58  Refinery  
  13  1:01  SCV  
  13  1:13  SCV  
  14  1:25  SCV  
  15  1:38  Orbital Command  
  15  1:43  Reaper  
  16  1:59  Command Center  
  16  2:04  SCV  
  17  2:16  SCV  
  17  2:17  Marine  
  19  2:25  Factory  
  19  2:28  SCV  
  20  2:33  Supply Depot  
  20  2:37  Barracks Reactor  
  20  2:40  SCV  
  21  2:55  SCV  
  22  3:05  Command Center  
  22  3:07  SCV  
  23  3:17  Orbital Command  
  23  3:28  Starport  
  23  3:29  SCV  
  24  3:35  Hellion  
  26  3:42  Hellion  
  26  3:45  SCV  
  26  3:47  SCV  
  30  3:55  Refinery  
  30  3:58  SCV  
  30  3:59  SCV  
  34  4:03  Hellion  
  34  4:06  Hellion  
  36  4:10  SCV  
  36  4:13  Fusion Core  
  37  4:18  Starport Tech Lab  
  37  4:20  SCV  
  37  4:23  Orbital Command  
  38  4:27  Hellion  
  40  4:32  Hellion  
  40  4:34  SCV  
  40  4:35  SCV  
  44  4:46  SCV  
  44  4:48  SCV  
  44  4:49  SCV, Supply Depot  
  47  4:57  Hellion  
  47  4:58  SCV  
  47  4:59  Hellion  
  52  5:00  SCV  
  52  5:01  SCV  
  54  5:11  Supply Depot  
  54  5:15  Battlecruiser  
  54  5:17  SCV  
  54  5:20  Supply Depot, SCV  
  60  5:22  SCV  
  61  5:29  SCV  
  61  5:31  Refinery  
  61  5:32  SCV  
  61  5:33  Refinery, Hellion  
  61  5:34  SCV  
  68  5:35  Hellion  
  68  5:41  SCV  
  69  5:43  Supply Depot  
  69  5:45  SCV  
  69  5:46  SCV  
  71  5:51  Supply Depot  
  71  5:54  SCV, Hellion  
  75  5:57  SCV  
  75  5:58  SCV  
  76  6:05  Factory  
  76  6:06  SCV  
  76  6:07  Factory  
  76  6:09  SCV  
  76  6:10  SCV  
  79  6:17  Hellion  
  79  6:18  Supply Depot, SCV  
  82  6:20  Hellion  
  82  6:21  SCV  
  82  6:22  SCV  
  86  6:27  Supply Depot  
  86  6:30  SCV  
  87  6:33  SCV  
Show
View Real Time Build Order
Export as new Build Order

ИИ 1 (новичок) Zerg - Winner!

Build Orders: Hatch First 

Get SALT Encoding   

  8  0:00  Drone  
  9  0:11  Drone  
  10  0:18  Drone  
  11  0:25  Drone  
  12  0:33  Overlord  
  12  0:52  Drone  
  13  0:59  Drone  
  14  1:09  Hatchery  
  13  1:14  Drone  
  14  1:31  Spawning Pool  
  13  1:35  Drone  
  13  1:38  Extractor  
  13  1:42  Drone  
  14  1:48  Overlord  
  14  2:18  Queen  
  14  2:19  Zergling x2  
  14  2:21  Zergling x2  
  18  2:31  Roach Warren  
  18  2:34  Drone  
  18  2:38  Extractor  
  18  2:41  Drone  
  18  2:46  Zergling x2  
  18  2:51  Drone  
  20  2:58  Drone  
  21  3:05  Drone  
  22  3:12  Drone  
  23  3:19  Drone  
  24  3:26  Overlord  
  24  3:33  Lair  
  24  3:56  Drone  
  25  4:03  Drone  
  26  4:10  Drone  
  27  4:18  Drone  
  28  4:25  Drone  
  28  4:31  Overseer  
  29  4:32  Drone, Spire  
  29  4:35  Zergling x2  
  29  4:39  Drone  
  29  4:40  Overlord  
  30  4:46  Drone  
  30  4:51  Overseer  
  31  4:54  Drone  
  32  5:01  Drone  
  33  5:08  Drone  
  34  5:16  Drone, Zergling x2  
  33  5:23  Drone  
  33  5:24  Overlord  
  34  5:30  Drone  
  35  5:37  Drone, Extractor  
  35  5:44  Drone  
  35  5:45  Extractor  
  35  5:51  Drone  
  36  5:57  Zergling x2  
  36  5:58  Drone  
  38  6:06  Drone  
  39  6:13  Drone  
  40  6:20  Drone  
  41  6:27  Drone  
Tags
 
Add a new tag
Caveats
  • Supply blocks, unpowered buildings, or Contaminate may cause inaccurate times.
  • Supply counts are checked every 10 seconds.